Map: Automaton LE

Players

DikPound - Winner!

  • Race: Protoss Protoss
  • League: Gold

tylerlavally

  • Race: Protoss Protoss

VOD

Have the link to the VOD?

Description

Time

  • Played on: March 9, 2022, 2:15 a.m.
  • Length: 16:32
Show
View Real Time Build Order
Export as new Build Order

DikPound Protoss - Winner!

Build Orders:  

Get SALT Encoding   

  12  2:00  Pylon  
  12  2:05  Assimilator  
  12  2:11  Assimilator  
  12  2:13  Probe  
  12  2:14  Pylon  
  13  2:21  Gateway  
  13  2:22  Gateway  
  13  2:23  Gateway  
  13  2:25  Gateway  
  13  2:30  Probe (Chrono Boost)  
  14  2:42  Probe (Chrono Boost)  
  15  2:47  Probe (Chrono Boost)  
  16  2:56  Probe  
  17  3:08  Probe  
  17  3:09  Cybernetics Core  
  18  3:12  Forge  
  18  3:21  Probe  
  19  3:35  Probe  
  20  3:50  Photon Cannon  
  20  3:51  Stalker (Chrono Boost)  
  20  3:53  Photon Cannon  
  22  3:56  Photon Cannon  
  22  4:00  Photon Cannon  
  24  4:03  Stalker (Chrono Boost)  
  24  4:07  Stalker (Chrono Boost)  
  26  4:14  Warp Gate  
  26  4:21  Stargate  
  26  4:23  Probe (Chrono Boost)  
  27  4:30  Stalker  
  29  4:32  Probe (Chrono Boost)  
  30  5:10  Pylon  
  30  5:24  Pylon  
  30  5:27  Probe  
  31  5:28  Stalker x4  
  41  5:43  Pylon  
  41  5:55  Phoenix  
  41  6:12  Twilight Council  
  41  6:19  Stalker  
  41  6:20  Stalker x2  
  41  6:25  Phoenix (Chrono Boost)  
  49  6:58  Phoenix  
  51  7:02  Pylon  
  51  7:03  Pylon  
  51  7:29  Robotics Facility  
  51  7:43  Nexus  
  51  8:05  Oracle (Chrono Boost)  
  51  8:10  Stalker x2  
  51  8:11  Stalker x2  
  62  8:17  Observer  
  63  8:22  Pylon  
  63  8:26  Pylon  
  63  8:49  Stalker x2  
  63  8:50  Stalker  
  63  8:54  Resonating Glaives  
  61  10:44  Stalker  
  61  10:46  Stalker  
  63  10:56  Stalker  
  63  10:57  Stalker  
  56  11:50  Cybernetics Core  
  56  11:54  Gateway  
  56  11:55  Gateway  
  56  11:57  Gateway, Stargate  
  57  12:01  Probe  
  57  12:06  Pylon x2  
  52  12:33  Assimilator  
  52  12:38  Assimilator  
  44  13:13  Void Ray  
  48  13:23  Stalker x2  
  48  13:24  Stalker  
  54  13:40  Pylon  
  54  13:49  Forge  
  54  14:14  Robotics Facility  
  54  15:05  Pylon  
  54  15:06  Pylon  
  54  15:23  Probe  
  54  15:24  Observer (Chrono Boost)  
  56  15:57  Nexus  
  49  15:59  Pylon  
  49  16:01  Pylon  
Show
View Real Time Build Order
Export as new Build Order

tylerlavally Protoss 

Build Orders:  

Get SALT Encoding   

  12  0:22  Pylon  
  12  0:33  Probe (Chrono Boost)  
  13  0:40  Pylon  
  14  0:43  Probe (Chrono Boost)  
  14  0:45  Assimilator  
  14  0:56  Pylon  
  14  1:03  Gateway  
  14  1:18  Gateway  
  14  1:23  Probe (Chrono Boost)  
  15  1:32  Probe (Chrono Boost)  
  16  1:52  Zealot  
  18  1:56  Probe  
  19  2:08  Probe  
  20  2:17  Cybernetics Core  
  20  2:21  Probe  
  21  2:26  Zealot  
  23  2:33  Probe  
  24  2:42  Assimilator  
  24  2:45  Probe  
  25  2:52  Forge  
  25  2:57  Probe  
  26  3:04  Zealot  
  28  3:20  Probe  
  28  3:26  Photon Cannon  
  29  3:31  Photon Cannon  
  29  3:32  Probe  
  30  3:39  Warp Gate  
  30  3:45  Stalker  
  32  3:54  Twilight Council  
  32  4:22  Nexus  
  32  4:38  Charge  
  32  4:40  Zealot  
  34  5:02  Pylon  
  34  5:07  Zealot  
  36  5:15  Pylon  
  35  5:24  Photon Cannon  
  35  5:27  Photon Cannon  
  35  5:40  Photon Cannon  
  35  5:41  Probe  
  35  5:42  Assimilator  
  36  5:53  Probe  
  37  5:57  Stalker  
  37  5:59  Adept  
  41  6:06  Probe (Chrono Boost)  
  41  6:09  Probe (Chrono Boost)  
  44  6:19  Probe (Chrono Boost)  
  45  6:26  Probe (Chrono Boost)  
  45  6:27  Probe (Chrono Boost)  
  47  6:34  Probe (Chrono Boost)  
  47  6:36  Probe (Chrono Boost)  
  47  6:38  Probe (Chrono Boost)  
  47  6:54  Dark Shrine  
  47  6:58  Photon Cannon  
  47  7:04  Stalker x2  
  47  7:08  Photon Cannon  
  51  7:13  Photon Cannon  
  51  7:15  Blink  
  51  7:25  Probe (Chrono Boost)  
  52  7:30  Assimilator  
  52  7:35  Probe (Chrono Boost)  
  53  7:40  Probe (Chrono Boost)  
  54  7:51  Probe  
  54  7:56  Pylon x2  
  54  8:03  Probe  
  54  8:18  Photon Cannon  
  54  8:22  Photon Cannon  
  54  8:26  Dark Templar  
  56  8:37  Gateway  
  56  8:46  Stargate, Probe  
  57  8:50  Probe  
  58  9:02  Probe  
  59  9:08  Dark Templar  
  59  9:09  Dark Templar  
  63  9:14  Probe  
  62  9:26  Probe  
  61  9:44  Dark Templar  
  61  9:45  Dark Templar x2  
  67  9:55  Pylon  
  67  10:00  Probe  
  68  10:18  Dark Templar  
  68  10:19  Dark Templar  
  68  10:20  Dark Templar  
  39  11:01  Dark Templar x3  
  35  11:43  Stalker x2  
  20  12:37  Dark Templar  
  17  12:48  Dark Templar  
Tags
 
League
Gold
Matchup
PvP
Add a new tag
Caveats
  • Supply blocks, unpowered buildings, or Contaminate may cause inaccurate times.
  • Supply counts are checked every 10 seconds.